Map: Ulrena

Players

RocketJockey

  • Race: Zerg Zerg
  • League: Platinum

Burt - Winner!

  • Race: Terran Terran
  • League: Platinum

VOD

Have the link to the VOD?

Description

Time

  • Played on: Dec. 15, 2015, 9 p.m.
  • Length: 9:47
Show
View Real Time Build Order
Export as new Build Order

RocketJockey Zerg 

Build Orders: Hatch First 

Get SALT Encoding   

  12  0:01  Drone  
  13  0:08  Drone  
  14  0:19  Overlord  
  14  0:37  Drone x2  
  14  0:39  Drone  
  17  0:54  Hatchery  
  16  0:57  Drone  
  17  1:05  Drone  
  18  1:15  Spawning Pool  
  18  1:18  Drone  
  18  1:21  Extractor  
  17  1:27  Drone  
  18  1:37  Drone  
  18  1:38  Extractor  
  18  1:43  Drone  
  19  2:03  Drone  
  20  2:10  Roach Warren, Zergling x2  
  19  2:15  Metabolic Boost  
  19  2:17  Queen  
  21  2:23  Overlord  
  21  2:28  Drone  
  22  2:32  Zergling x2  
  22  2:52  Zergling x6  
  24  2:59  Queen  
  26  3:11  Drone  
  27  3:20  Roach x2  
  33  3:27  Roach  
  33  3:32  Drone x2  
  35  4:00  Spore Crawler  
  34  4:03  Drone, Overlord  
  34  4:07  Lair  
  35  4:23  Roach x4  
  43  4:40  Pneumatized Carapace  
  43  4:47  Overlord  
  43  4:48  Overlord  
  43  4:52  Roach x4  
  43  5:07  Ravager x2  
  43  5:08  Ravager x2  
  39  5:18  Drone  
  39  5:19  Drone x5  
  45  5:24  Spire  
  46  5:28  Roach  
  46  5:33  Drone x2  
  48  5:38  Drone  
  49  5:49  Drone x3  
  53  5:50  Drone x2  
  53  5:56  Roach x2  
  58  6:16  Drone x2  
  58  6:17  Evolution Chamber  
  59  6:23  Overlord x2  
  59  6:33  Hatchery  
  59  6:39  Extractor  
  57  6:40  Extractor  
  57  6:41  Mutalisk x4  
  57  6:42  Mutalisk  
  66  7:21  Mutalisk  
  68  7:28  Drone x3  
  68  7:29  Drone  
  72  7:32  Drone  
  72  7:33  Drone x3  
  70  7:58  Zergling x2  
  70  7:59  Zergling x12  
  70  8:02  Drone  
  70  8:03  Drone  
  79  8:08  Infestation Pit  
  78  8:20  Spore Crawler  
  78  8:26  Roach x2  
  81  8:27  Ravager  
  81  8:29  Overlord  
  81  8:30  Overlord x2  
  82  8:48  Ravager x4  
  86  8:49  Ravager  
  86  8:51  Roach  
  86  8:52  Roach x5  
  99  8:58  Spine Crawler  
  98  9:03  Spine Crawler  
  98  9:06  Zergling x6  
  58  9:35  Ravager x2  
Show
View Real Time Build Order
Export as new Build Order

Burt Terran - Winner!

Build Orders: Reaper Expand, Bio Tank, MMM Bio 

Get SALT Encoding   

  12  0:01  SCV  
  13  0:13  SCV  
  14  0:19  Supply Depot  
  14  0:25  SCV  
  15  0:41  SCV  
  15  0:42  Barracks  
  16  0:46  Refinery  
  16  0:53  SCV  
  17  1:05  SCV  
  18  1:17  SCV  
  18  1:33  Reaper, Orbital Command  
  19  1:45  Command Center  
  19  2:08  SCV  
  20  2:18  Factory  
  20  2:20  SCV  
  21  2:24  Barracks Reactor  
  21  2:28  Refinery  
  21  2:33  SCV  
  22  2:52  SCV  
  23  3:04  SCV  
  24  3:17  Orbital Command  
  25  3:20  SCV, Factory Tech Lab  
  25  3:21  Marine x2  
  26  3:28  Barracks x2  
  26  3:32  SCV  
  27  3:35  Orbital Command  
  27  3:41  Marine x2  
  29  3:42  Siege Tank  
  29  3:44  SCV  
  33  3:56  SCV  
  33  3:57  Supply Depot  
  33  3:58  Starport, Marine x2  
  33  4:00  Engineering Bay  
  33  4:01  SCV  
  37  4:08  SCV  
  38  4:19  SCV, Siege Tank  
  38  4:22  Supply Depot  
  38  4:23  Marine x2  
  38  4:24  Marine  
  45  4:26  Marine  
  45  4:30  SCV  
  47  4:32  SCV  
  47  4:36  Medivac  
  50  4:42  SCV  
  50  4:43  Marine  
  50  4:44  SCV  
  50  4:45  Marine  
  54  4:56  Orbital Command  
  54  5:17  Marine x2  
  54  5:18  Siege Tank  
  60  5:24  SCV  
  60  5:25  SCV  
  62  5:31  Barracks Tech Lab  
  62  5:33  Barracks Tech Lab, Medivac  
  62  5:34  Barracks Tech Lab  
  62  5:39  Supply Depot  
  62  5:45  Bunker  
  62  5:53  Terran Infantry Weapons Level 1  
  62  5:55  SCV x2  
  64  5:59  Stimpack  
  64  6:00  Marine  
  64  6:01  Marine x3  
  68  6:05  Medivac  
  68  6:07  SCV x2  
  72  6:13  Refinery  
  72  6:16  Refinery  
  72  6:18  Marine  
  72  6:19  SCV x2, Marine  
  76  6:31  SCV x2  
  78  6:41  Supply Depot  
  78  6:45  Supply Depot  
  78  6:47  Supply Depot  
  78  6:56  Starport Reactor  
  78  7:03  SCV x2, Siege Tank, Marine x3  
  78  7:05  Supply Depot  
  78  7:06  Marine  
  87  7:09  Missile Turret  
  87  7:13  Missile Turret  
  87  7:15  SCV x2, Missile Turret  
  89  7:18  Missile Turret  
  89  7:21  Command Center  
  89  7:25  Missile Turret, Marine x2  
  89  7:26  Marine x2  
  93  7:31  Combat Shields  
  93  7:33  SCV  
  94  7:43  Marine x2  
  91  7:59  Marine x2  
  91  8:00  Siege Tank, Medivac x2  
  91  8:01  Marine x2  
  102  8:28  Marine  
  102  8:29  Marine x3  
  102  8:31  SCV x2  
  108  8:37  Supply Depot  
  108  8:38  Supply Depot, Planetary Fortress  
  108  8:42  Missile Turret  
  108  8:43  SCV x2  
  108  8:46  Marine  
  108  8:47  Marine  
  108  8:48  Marine x2  
  115  8:55  SCV x2  
  115  8:58  Medivac  
  115  9:01  Medivac  
  120  9:04  Marine  
  120  9:05  Marine x2  
Tags
 
Add a new tag
Caveats
  • Supply blocks, unpowered buildings, or Contaminate may cause inaccurate times.
  • Supply counts are checked every 10 seconds.